 Dungeon Crawl Stone Soup version 0.22.1-1-ga44c0e5 (webtiles) character file.

302 Anon1729 the Magician (level 6, 0/47 HPs)
             Began as a Gnoll Wanderer on Nov 2, 2018.
             Slain by an orc
             ... wielding a +0 trident
              (6 damage)
             ... on level 4 of the Dungeon.
             The game lasted 00:03:28 (3337 turns).

Anon1729 the Magician (Gnoll Wanderer)              Turns: 3337, Time: 00:03:28

Health: 0/47       AC:  6    Str: 14 (15) XL:     6   Next: 37%
Magic:  14/14      EV: 12    Int: 16 (17) God:
Gold:   160        SH:  0    Dex: 11 (13) Spells: 15/15 levels left

rFire    . . .     SeeInvis .   c - +0 spear
rCold    . . .     Gourm    .   (no shield)
rNeg     . . .     Faith    +   d - +0 robe
rPois    .         Spirit   .   q - +0 helmet
rElec    .         Reflect  .   (no cloak)
rCorr    .         Harm     .   (no gloves)
MR       .....                  (no boots)
Stlth    ++........             v - amulet of faith
HPRegen  0.15/turn              g - +3 ring of protection
MPRegen  0.14/turn              (no ring)

@: lethally poisoned (0 -> -4)
A: distributed training, fangs 1, strong nose
a: no special abilities


You were on level 4 of the Dungeon.
You were not hungry.

You visited 1 branch of the dungeon, and saw 4 of its levels.

You collected 160 gold pieces.

Inventory:

Hand Weapons
 c - a +0 spear (weapon)
 l - a +0 hand axe
Armour
 d - a +0 robe (worn)
 q - a +0 helmet (worn)
Jewellery
 g - a +3 ring of protection (left hand)
 v - an amulet of faith (around neck)
Wands
 r - a wand of random effects (33)
Scrolls
 a - a scroll of enchant weapon {unknown}
 b - 4 scrolls of identify {unknown}
 e - 2 scrolls of enchant armour {unknown}
 h - 3 scrolls of remove curse {unknown}
 i - a scroll of magic mapping {unknown}
 k - 4 scrolls of teleportation {unknown}
 p - 2 scrolls of random uselessness {unknown}
 s - a scroll of immolation {unknown}
 w - a scroll of noise {unknown}
Potions
 j - a potion of mutation {unknown}
 m - a potion of ambrosia
 n - a potion of flight {unknown}
 t - a potion of degeneration
Comestibles
 f - 9 rations


   Skills:
 + Level 3.2 Fighting
 + Level 1.9 Short Blades
 + Level 1.9 Long Blades
 + Level 1.9 Axes
 + Level 1.9 Maces & Flails
 + Level 1.9 Polearms
 + Level 1.9 Staves
 + Level 1.9 Slings
 + Level 1.9 Bows
 + Level 1.9 Crossbows
 + Level 1.9 Throwing
 + Level 4.9 Armour
 + Level 1.9 Dodging
 + Level 3.0 Stealth
 + Level 1.9 Shields
 + Level 1.9 Unarmed Combat
 + Level 5.3 Spellcasting
 + Level 1.5 Conjurations
 + Level 1.5 Hexes
 + Level 4.1 Charms
 + Level 1.5 Summonings
 + Level 1.5 Necromancy
 + Level 1.5 Translocations
 + Level 1.5 Transmutations
 + Level 1.5 Fire Magic
 + Level 2.6 Ice Magic
 + Level 1.5 Air Magic
 + Level 1.5 Earth Magic
 + Level 1.5 Poison Magic
 + Level 2.1 Invocations
 + Level 3.2 Evocations


You had 15 spell levels left.
You didn't know any spells.
Your spell library contained the following spells:

 Spells                   Type           Power        Failure   Level  Hunger
 Infusion                 Chrm           ###.         2%          1    None
 Song of Slaying          Chrm           ###.....     4%          2    #......
 Shroud of Golubria       Chrm/Tloc      ##........   7%          2    #......
 Swiftness                Chrm/Air       ##......     7%          2    #......
 Animate Skeleton         Necr           N/A          8%          1    None
 Apportation              Tloc           #.....       8%          1    None
 Confusing Touch          Hex            #.....       8%          1    None
 Summon Small Mammal      Summ           #...         8%          1    None
 Poisonous Vapours        Pois/Air       #.....       12%         2    #......
 Regeneration             Chrm/Necr      ##........   14%         3    ###....
 Spectral Weapon          Hex/Chrm       ##......     14%         3    ###....


Dungeon Overview and Level Annotations

Branches:
Dungeon (4/15)
 Temple: D:4-7

Altars:
Uskayaw


Innate Abilities, Weirdness & Mutations

Your experience applies equally to all skills.
You have very sharp teeth.
Your uncanny sense of smell can sniff out nearby items.


Message History

You reach to attack!
You hit the orc but do no damage.
The orc hits you from afar with a trident.
* * * LOW HITPOINT WARNING * * *
Attack whom?
Press: ? - help, Dir - move target cursor, f/p - orc
Aim: an orc, wielding a trident and wearing a scale mail You reach to attack!
You hit the orc.
The orc is moderately wounded.
You feel sick.
The orc hits you from afar with a trident.
* * * LOW HITPOINT WARNING * * *
Attack whom?
Press: ? - help, Dir - move target cursor, f/p - orc
Aim: an orc, wielding a trident and wearing a scale mail (lightly wounded)
You reach to attack!
You hit the orc but do no damage.
The orc is lightly wounded.
You feel sick.
Unknown command.
You feel sick. The orc hits you with a trident.
You die...

#.. ###.####....## #.#
#)# #####.# ... #)#
##. ##.#####.# #.#.#
## ........#.# #.#)# #
........#.# #.#.######
........#.# #.#.##...#
........#.# #.#......#
..%.....#@###)####...#
........o.........#.##
........(...........#
.......(..###.###.###
..........# #.# #.#
#.#.####..###.# #.#
#.......<...# #.#
######.....## #.#
#.###.# #.#


You could see an orc.

Vanquished Creatures
  A bullfrog (D:2)
  A scorpion (D:4)
  An orc priest (D:3)
  Jessica (D:2)
  2 worker ants
  2 adders (D:3)
  An ooze (D:1)
  2 dart slugs
  2 leopard geckos
  7 orcs
  4 giant cockroaches
  5 goblins
  6 hobgoblins
  2 quokkas (D:2)
  A ball python (D:1)
  5 bats
  4 frilled lizards
  5 kobolds
  A quokka skeleton (D:4)
  7 rats
60 creatures vanquished.

Notes
Turn   | Place    | Note
-------+----------+-------------------------------------------
     0 | D:1      | Anon1729 the Gnoll Wanderer began the quest for the Orb.
     0 | D:1      | Anon1729 set off with: a +0 spear, a +0 robe, a ration
     0 | D:1      | Reached XP level 1. HP: 17/17 MP: 6/6
   276 | D:1      | Reached XP level 2. HP: 23/23 MP: 7/7
   810 | D:2      | Reached XP level 3. HP: 24/28 MP: 9/9
   892 | D:2      | Reached skill level 5 in Spellcasting
   998 | D:2      | Noticed Jessica
  1010 | D:2      | Killed Jessica
  1010 | D:2      | Reached skill level 1 in Short Blades
  1010 | D:2      | Reached skill level 1 in Long Blades
  1010 | D:2      | Reached skill level 1 in Axes
  1010 | D:2      | Reached skill level 1 in Maces & Flails
  1010 | D:2      | Reached skill level 1 in Polearms
  1010 | D:2      | Reached skill level 1 in Staves
  1010 | D:2      | Reached skill level 1 in Slings
  1010 | D:2      | Reached skill level 1 in Bows
  1010 | D:2      | Reached skill level 1 in Crossbows
  1010 | D:2      | Reached skill level 1 in Throwing
  1010 | D:2      | Reached skill level 1 in Dodging
  1010 | D:2      | Reached skill level 1 in Shields
  1010 | D:2      | Reached skill level 1 in Unarmed Combat
  1010 | D:2      | Reached skill level 1 in Invocations
  1010 | D:2      | Reached XP level 4. HP: 24/34 MP: 11/11
  1101 | D:2      | Noticed a bullfrog
  1114 | D:2      | Killed a bullfrog
  1114 | D:2      | Reached skill level 1 in Conjurations
  1114 | D:2      | Reached skill level 1 in Hexes
  1114 | D:2      | Reached skill level 1 in Summonings
  1114 | D:2      | Reached skill level 1 in Necromancy
  1114 | D:2      | Reached skill level 1 in Translocations
  1114 | D:2      | Reached skill level 1 in Transmutations
  1114 | D:2      | Reached skill level 1 in Fire Magic
  1114 | D:2      | Reached skill level 1 in Air Magic
  1114 | D:2      | Reached skill level 1 in Earth Magic
  1114 | D:2      | Reached skill level 1 in Poison Magic
  1114 | D:2      | Reached XP level 5. HP: 25/40 MP: 12/12
  2772 | D:4      | Found a hide-covered altar of Uskayaw.
  3004 | D:4      | Reached XP level 6. HP: 47/47 MP: 13/13
  3337 | D:4      | Slain by an orc

Skill      XL: |  1  2  3  4  5  6 |
---------------+-------------------+-----
Ice Magic      | 2 |  2.6
Spellcasting   | 5 |  5.3
Short Blades   | 1 |  1.9
Long Blades    | 1 |  1.9
Axes           | 1 |  1.9
Maces & Flails | 1 |  1.9
Polearms       | 1 |  1.9
Staves         | 1 |  1.9
Slings         | 1 |  1.9
Bows           | 1 |  1.9
Crossbows      | 1 |  1.9
Throwing       | 1 |  1.9
Dodging        | 1 |  1.9
Shields        | 1 |  1.9
Unarmed Combat | 1 |  1.9
Invocations    | 1 2 |  2.1
Conjurations   | 1 |  1.5
Hexes          | 1 |  1.5
Summonings     | 1 |  1.5
Necromancy     | 1 |  1.5
Translocations | 1 |  1.5
Transmutations | 1 |  1.5
Fire Magic     | 1 |  1.5
Air Magic      | 1 |  1.5
Earth Magic    | 1 |  1.5
Poison Magic   | 1 |  1.5
Fighting       | 3 |  3.2
Evocations     | 3 |  3.2
Charms         | 4 |  4.1
Stealth        | 3 |  3.0
Armour         | |  4.9

Action                   |  1- 3 |  4- 6 || total
-------------------------+-------+-------++-------
Melee: Spear             |    87 |   212 ||   299
       Bite              |     9 |    22 ||    31
  Use: Potion            |       |     4 ||     4
 Stab: Sleeping          |     5 |     6 ||    11
  Eat: Chunk             |       |     8 ||     8
Armor: Robe              |    27 |    51 ||    78
Dodge: Dodged            |    28 |   117 ||   145
